 Dungeon Crawl Stone Soup version 0.30.2 (webtiles) character file.

Game seed: 12512752538756225146

12 Strat the Stinger (level 2, -2/17 HPs)
             Began as an Octopode Venom Mage on Feb 12, 2024.
             Slain by a goblin
             ... wielding a +0 club
              (5 damage)
             ... on level 1 of the Dungeon.
             The game lasted 00:01:13 (308 turns).

Strat the Stinger (Octopode Venom Mage)              Turns: 308, Time: 00:01:13

Health: -2/17      AC:  1    Str:  7    XL:     2   Next: 33%
Magic:  5/5        EV: 13    Int: 17    God:
Gold:   4          SH:  0    Dex: 12    Spells: 2/5 levels left

rFire   . . .        (no weapon)
rCold   . . .        (no shield)
rNeg    . . .        (helmet restricted)
rPois   .            (no amulet)
rElec   .            (no ring)
rCorr   .            (no ring)
SInv    .            (no ring)
Will    .....        (no ring)
Stlth   +++          (no ring)
HPRegen 0.22/turn    (no ring)
MPRegen 0.09/turn    (no ring)
                     (no ring)

%: no passive effects
@: no status effects
A: almost no armour, amphibious, 8 rings, camouflage 1, gelatinous body 1,
(nimble swimmer 1), tentacles
a: no special abilities


You were on level 1 of the Dungeon.
You visited 1 branch of the dungeon, and saw 1 of its levels.

You collected 4 gold pieces.

Inventory:

Scrolls
 b - a scroll of identify {unknown}
 d - a scroll of amnesia {unknown}
Potions
 a - a potion of magic
 c - a potion of curing {unknown}


   Skills:
 - Level 2.0 Dodging
 + Level 3.1 Stealth
 + Level 2.2 Spellcasting
 - Level 1.0 Transmutations
 * Level 4.1 Poison Magic


You had 2 spell levels left.
You knew the following spells:

 Your Spells              Type           Power      Damage    Failure   Level
a - Sting                 Tmut/Pois      40%        1d5       7%          1
b - Poisonous Vapours     Pois/Air       16%        N/A       12%         2

Your spell library contained the following spells:

 Spells                   Type           Power      Damage    Failure   Level
 Mephitic Cloud           Conj/Pois/Air  6%         N/A       32%         3
 Olgreb's Toxic Radiance  Pois           15%        N/A       34%         4


Dungeon Overview and Level Annotations

Branches:
Dungeon (1/15)

Altars:

Shops:
D:1 :


Innate Abilities, Weirdness & Mutations

You cannot wear most types of armour.
You are amphibious.
You can wear up to eight rings at the same time.
Your skin changes colour to match your surroundings (Stealth+).
Your rubbery body absorbs attacks. (AC +1, EV +1)
((You are camouflaged when in or above water. (Stealth+)))
You have tentacles for arms and can constrict up to eight enemies at once.


Message History

You tentacle-slap the quokka but do no damage.
Your grab misses the quokka. Your squeeze misses the quokka.
The quokka is severely wounded.
The quokka barely misses you.
You closely miss the quokka. You grab the quokka.
The quokka is severely wounded.
You constrict the quokka, but do no damage.
You kill the quokka!
You see here a quokka corpse.
Your magical contamination has completely faded away.
The helpless frilled lizard fails to defend itself.
You tentacle-slap the frilled lizard. Your grab misses the frilled lizard.
The frilled lizard is heavily wounded.
The frilled lizard misses you.
You miss the frilled lizard. Your grab misses the frilled lizard.
Your squeeze misses the frilled lizard.
The frilled lizard is heavily wounded.
The frilled lizard bites you.
You tentacle-slap the frilled lizard.
You kill the frilled lizard!
A goblin comes into view. It is wielding a +0 club.
A hobgoblin comes into view.
The goblin hits you with a +0 club.
There is a stone staircase leading down here.
The gnoll shouts!
You tentacle-slap the goblin. Your grab misses the goblin.
Your squeeze misses the goblin.
The goblin is moderately wounded.
The gnoll hits you from afar with a +0 spear.
* * * LOW HITPOINT WARNING * * *
The goblin hits you with a +0 club.
* * * LOW HITPOINT WARNING * * *
The goblin attacks as you move away! The goblin hits you with a +0 club.
* * * LOW HITPOINT WARNING * * *
The goblin attacks as you move away! The goblin completely misses you.
The goblin attacks as you move away! The goblin misses you.
The goblin attacks as you move away! The goblin hits you with a +0 club.
* * * LOW HITPOINT WARNING * * *
The goblin attacks as you move away! The goblin hits you with a +0 club.
You die...

.≈≈≈..#
#.....###..†....#
>≈g...##
#.....##.....####
.≈≈≈...# #####.##.....#
...≈.#.# #.##.....#
≈≈≈≈.#.########.##.#####
.......##.....#.##.#
≈≈≈≈...##.##....##.#
...≈.#.##.##.#....†#
.≈≈≈...##..g.g.g@.##
>≈.....##..#......#
.≈≈≈.#.....#....[.#
...≈.#..>.........#
≈≈≈...#.####.....# ....#
#g# #.....# ### #.#
#.....# #.# ####### #.#


You could see a gnoll, a hobgoblin and a goblin.

Vanquished Creatures
  2 ball pythons (D:1)
  An endoplasm (D:1)
  A hobgoblin (D:1)
  2 quokkas (D:1)
  2 bats (D:1)
  2 frilled lizards (D:1)
  A kobold (D:1)
  A rat (D:1)
12 creatures vanquished.

Notes
Turn   | Place    | Note
-------+----------+-------------------------------------------
     0 | D:1      | Strat the Octopode Venom Mage began the quest for the Orb.
     0 | D:1      | Reached XP level 1. HP: 11/11 MP: 3/3
   117 | D:1      | Found Ulefu's Vocational Training.
   177 | D:1      | Reached XP level 2. HP: 14/17 MP: 5/5
   212 | D:1      | Reached skill level 4 in Poison Magic
   262 | D:1      | Learned a level 2 spell: Poisonous Vapours
   308 | D:1      | Slain by a goblin

Illustrated notes

Levels and vault maps discovered:
D:1:      evilmike_arrival_hilbert_curve, layout_basic, nicolae_shop_vocational

Skill      XL: |  1  2 |
---------------+-------+-----
Stealth        | 3 |  3.1
Poison Magic   | 4 |  4.1
Dodging        | |  2.0
Spellcasting   | |  2.2
Transmutations | |  1.0

Action                     || total
---------------------------++-------
  Melee: Unarmed           ||    27
         Constrict         ||     8
         Tentacles         ||     3
   Cast: Sting             ||     5
   Stab: Sleeping          ||     4
 Armour: Skin              ||     6
  Dodge: Dodged            ||    36
